 Dungeon Crawl Stone Soup version 0.29-a0-821-g66395355a5 (webtiles) character file.

Game seed: 14551146624860372307

63 bande the Trooper (level 4, -3/29 HPs)
             Began as a Gargoyle Fighter on July 7, 2022.
             Killed from afar by Natasha (6 damage)
             ... with a magic dart
             ... on level 2 of the Dungeon.
             The game lasted 00:01:55 (1121 turns).

bande the Trooper (Gargoyle Fighter)                Turns: 1121, Time: 00:01:55

Health: -3/29      AC: 10    Str: 19    XL:     4   Next: 9%
Magic:  4/4        EV:  9    Int:  9    God:
Gold:   128        SH:  5    Dex: 11    Spells: 3/3 levels left

rFire   . . .      SeeInvis .   a - +0 war axe
rCold   + . .      Faith    .   c - +1 buckler
rNeg    + . .      Spirit   .   b - +0 scale mail
rPois   ∞          Reflect  .   (no helmet)
rElec   +          Harm     .   (no cloak)
rCorr   .          Rampage  .   (no gloves)
Will    .....                   (no boots)
Stlth   ..........              (no amulet)
HPRegen 0.09/turn               i - ring of protection from cold
MPRegen 0.09/turn               (no ring)

@: slowed, very slow
A: sickness immunity, AC +3, negative energy resistance 1, electricity
resistance, torment resistance 1, petrification resistance
a: no special abilities


You were on level 2 of the Dungeon.
You visited 1 branch of the dungeon, and saw 2 of its levels.

You collected 128 gold pieces.

Inventory:

Hand Weapons
 a - a +0 war axe (weapon)
 g - a +0 flail
Armour
 b - a +0 scale mail (worn)
 c - a +1 buckler (worn)
Jewellery
 i - a ring of protection from cold (left hand)
Scrolls
 h - a scroll of enchant armour
Potions
 d - a potion of might
 e - 2 potions of curing
 f - a potion of brilliance
 j - a potion of attraction {unknown}


   Skills:
 + Level 3.8 Fighting
 + Level 2.9 Axes
 + Level 3.7 Armour
 + Level 3.6 Shields


You had 3 spell levels left.
You didn't know any spells.
Your spell library was empty.

Dungeon Overview and Level Annotations

Branches:
Dungeon (2/15)

Altars:
The Shining One

Annotations:
D:2 Natasha


Innate Abilities, Weirdness & Mutations

You are immune to sickness and miasma.
Your stone body is resilient. (AC +3)
You are immune to poison.
You resist negative energy. (rN+)
You are resistant to electric shocks. (rElec)
You are resistant to unholy torment.
You are immune to petrification.


Message History

Natasha is almost dead.
You hit the goblin but do no damage. Natasha claws you.
The goblin hits you with a +0 club. Natasha closely misses you.
You slash Natasha!
You kill Natasha!
Natasha screams in pain as she dies!
You hit the goblin.
Natasha, Servant of Life and Death comes into view.
She is carrying a wand of roots (10).
The goblin hits you but does no damage.
You have reached level 4!
You feel clever.
You barely miss the goblin.
The goblin is heavily wounded.
The goblin barely misses you. The goblin hits you but does no damage.
You closely miss the goblin.
The goblin is heavily wounded.
Natasha drinks a potion.
Natasha seems to speed up.
You block the goblin's attack.
Natasha zaps a wand.
The roots erupt in riotous growth!
The grasping roots grab you!
The goblin is unaffected.
The grasping roots constrict you.
You barely miss the goblin.
The goblin is heavily wounded.
The grasping roots constrict you. The goblin hits you but does no damage.
Natasha stares at you and mumbles some strange words.
You feel yourself slow down. The grasping roots constrict you.
* * * LOW HITPOINT WARNING * * *
The goblin hits you but does no damage.
You closely miss the goblin.
The goblin is heavily wounded.
The grasping roots constrict you. x2
* * * LOW HITPOINT WARNING * * *
The goblin hits you but does no damage. The grasping roots constrict you. x2
The goblin hits you with a +0 club.
* * * LOW HITPOINT WARNING * * *
The grasping roots release their grip on you.
You closely miss Natasha. You closely miss the goblin.
Natasha stares at you and mumbles some strange words.
The magic dart hits you.
You die...

,*,,,,,,,,..** #.# #..........#
,*,,,,,,.,...#####.###..........#
,,,,,,,,...........#............#
,,,,,,,,.......#.....##+####....#
,,,,,,,,............##,8,**.....#
,,,,,,,,......###..##,,.**.....<#
,,,,,,,,......##..##,..#*,,,,,,,,
*,,,,,,,.........##)..#*,,,,,,,,,
**,,,,,,....#..h@'.8.++,,,,,,,,,,
*******#***#...g##...#*,,*******
###...**...#*,,**
#.[..**,..**,,** #.....**,8,**,,*
#......**+****,* #######.,,,,,,,*
*##*******


You could see Natasha (fast) and a goblin.

Vanquished Creatures
  Natasha (D:2)
  A gnoll (D:1)
  A dart slug (D:1)
  A ball python (D:1)
  2 bats
  4 endoplasms
  4 giant cockroaches (D:1)
  A goblin (D:2)
  2 kobolds (D:1)
  2 quokkas (D:1)
  6 rats
25 creatures vanquished.

Notes
Turn   | Place    | Note
-------+----------+-------------------------------------------
     0 | D:1      | bande the Gargoyle Fighter began the quest for the Orb.
     0 | D:1      | Reached XP level 1. HP: 14/14 MP: 1/1
     6 | D:1      | Noticed a swamp worm
     6 | D:1      | Noticed a seven-headed hydra
     7 | D:1      | Noticed a wolf
     7 | D:1      | Noticed a black bear
    48 | D:1      | Reached XP level 2. HP: 16/19 MP: 2/2
   374 | D:1      | Reached XP level 3. HP: 23/23 MP: 3/3
   906 | D:2      | Found a glowing golden altar of the Shining One.
  1110 | D:2      | Noticed Natasha
  1116 | D:2      | Killed Natasha
  1116 | D:2      | Noticed Natasha
  1117 | D:2      | Reached XP level 4. HP: 19/29 MP: 4/4
  1121 | D:2      | Killed from afar by Natasha

Illustrated notes

Levels and vault maps discovered:
D:1:      onia_arrival_zoo_common, layout_basic, chequers_serial_rivers_marsh
D:2:      layout_rooms, hellmonk_ecumenical_altar_zigzags, basic_altar,
          grunt_decor_arrowhead, uniq_natasha

Skill      XL: |  1  2 |
---------------+-------+-----
Axes           | 2 |  2.9
Fighting       | |  3.8
Armour         | |  3.7
Shields        | |  3.6

Action                   |  1- 3 |  4- 6 || total
-------------------------+-------+-------++-------
Melee: War axe           |    55 |     5 ||    60
  Use: Scroll            |     5 |       ||     5
Armor: Scale mail        |    33 |     4 ||    37
Dodge: Dodged            |    40 |     1 ||    41
Block: Buckler           |    13 |     1 ||    14

Table legend: (Time is in decaauts)
 A = Elapsed time spent in this place.
 B = Non-inter-level travel time spent in this place.
 C = Inter-level travel time spent in this place.
 D = Time resting spent in this place.
 E = Time spent auto-exploring this place.
 F = Levels seen in this place.
 G = Mean time per level.
                   A        B        C        D        E       F      G
               +--------+--------+--------+--------+--------+-----+--------+
         Total |   1151 |   1126 |     25 |      0 |    947 |   2 |  575.5 |
       Dungeon |   1151 |   1126 |     25 |      0 |    947 |   2 |  575.5 |
               +--------+--------+--------+--------+--------+-----+--------+

Top non-repeatable levels by time:
     D:1: 836 daAuts
     D:2: 315 daAuts
